 Dungeon Crawl Stone Soup version 0.28.0-47-ge53b351184 (webtiles) character file.

Game seed: 10530664183236073417

7781 Bruhh the Frost Mage (level 11, -13/72 HPs)
             Began as a Gnoll Ice Elementalist on Apr 29, 2022.
             Mangled by Snorg (15 damage)
             ... on level 10 of the Dungeon.
             The game lasted 00:27:52 (14187 turns).

Bruhh the Frost Mage (Gnoll Ice Elementalist)      Turns: 14187, Time: 00:27:53

Health: -13/72     AC: 11    Str:  7    XL:     11   Next: 20%
Magic:  0/25       EV: 13    Int: 20    God:
Gold:   127        SH: 10    Dex: 16    Spells: 18/26 levels left

rFire   x . .      SeeInvis +   m - +2 dagger (venom)
rCold   + . .      Faith    .   l - +0 kite shield
rNeg    . . .      Spirit   +   r - +0 leather armour
rPois   +          Reflect  .   (no helmet)
rElec   .          Harm     .   (no cloak)
rCorr   +          Rampage  .   (no gloves)
Will    .....                   (no boots)
Stlth   +++.......              k - amulet "Ecodoymu" {Spirit rCorr Dex+4 SInv}
HPRegen 0.22/turn               p - ring of ice
MPRegen 0.19/turn               (no ring)

@: ice-armoured, freezing walls
A: fangs 1, strong nose, distributed training, frail 1, high MP 1, poison
resistance
a: no special abilities


You were on level 10 of the Dungeon.
You visited 1 branch of the dungeon, and saw 10 of its levels.

You collected 547 gold pieces.
You spent 420 gold pieces at shops.

Inventory:

Hand Weapons
 m - a +2 dagger of venom (weapon)
Missiles
 s - a throwing net
 t - 19 stones
Armour
 a - a +1 robe
 l - a +0 kite shield (worn)
 r - a +0 leather armour (worn)
Jewellery
 c - an amulet of reflection
 k - the amulet "Ecodoymu" (around neck) {Spirit rCorr Dex+4 SInv}
   (You found it on level 2 of the Dungeon)

   [amulet of guardian spirit]

   It causes incoming damage to be divided between your reserves of health and
   magic.
   Dex:       It affects your dexterity (+4).
   SInv:      It lets you see invisible.
   rCorr:     It protects you from acid and corrosion.
 p - a ring of ice (left hand)
 u - the amulet of Tuqu Udue {Faith Contam Harm rF+}
   (You found it on level 7 of the Dungeon)

   [amulet of faith]

   It allows you to gain divine favour quickly.
   rF:        It protects you from fire.
   Contam:    It causes magical contamination when unequipped.
   Harm:      It increases damage dealt and taken.
 A - an amulet of regeneration
Wands
 b - a wand of polymorph (1)
 d - a wand of flame (8)
Scrolls
 e - a scroll of enchant armour
 f - 4 scrolls of fear {unknown}
 g - 6 scrolls of identify
 i - a scroll of torment
 j - a scroll of holy word
 o - 2 scrolls of blinking
 q - 2 scrolls of amnesia
 v - a scroll of noise {unknown}
 x - a scroll of teleportation
 y - a scroll of brand weapon {unknown}
 z - a scroll of fog {unknown}
 B - a scroll of immolation {unknown}
Potions
 h - 2 potions of curing
 n - 2 potions of cancellation {unknown}
 w - 3 potions of brilliance


   Skills:
 + Level 6.1 Fighting
 + Level 6.1 Short Blades
 + Level 6.1 Long Blades
 + Level 6.1 Axes
 + Level 6.1 Maces & Flails
 + Level 6.1 Polearms
 + Level 6.1 Staves
 + Level 6.1 Slings
 + Level 6.1 Bows
 + Level 6.1 Crossbows
 + Level 6.1 Throwing
 + Level 6.1 Armour
 + Level 7.7 Dodging
 + Level 7.4 Stealth
 + Level 6.1 Shields
 + Level 6.1 Unarmed Combat
 + Level 8.0 Spellcasting
 + Level 5.0 Conjurations
 + Level 5.0 Hexes
 + Level 5.0 Summonings
 + Level 5.0 Necromancy
 + Level 5.0 Translocations
 + Level 5.0 Transmutations
 + Level 5.0 Fire Magic
 + Level 8.8 Ice Magic
 + Level 5.0 Air Magic
 + Level 5.0 Earth Magic
 + Level 5.0 Poison Magic
 + Level 6.6 Invocations
 + Level 6.1 Evocations


You had 18 spell levels left.
You knew the following spells:

 Your Spells              Type           Power      Damage    Failure   Level
a - Freeze                Ice            100%       1d11      1%          1
b - Frozen Ramparts       Ice            100%       1d12      2%          3
c - Ozocubu's Armour      Ice            60%        N/A       2%          3
d - Sandblast             Erth           56%        2d13      4%          1

Your spell library contained the following spells:

 Spells                   Type           Power      Damage    Failure   Level
 Passwall                 Tmut/Erth      23%        N/A       6%          2
 Portal Projectile        Hex/Tloc       56%        N/A       12%         3
 Stone Arrow              Conj/Erth      56%        3d10      12%         3
 Hailstorm                Conj/Ice       52%        3d12      19%         4
 Blade Hands              Tmut           14%        N/A       75%         5
 Excruciating Wounds      Necr           14%        N/A       75%         5


Dungeon Overview and Level Annotations

Branches:
Dungeon (10/15)            Temple (0/1) D:4
   Lair: D:8-11         Orc: D:9-12

Altars:
Fedhas
Hepliaklqana
Kikubaaqudgha
Okawaru
Qazlal
Ru
Sif Muna
Trog
Uskayaw

Shops:
D:6 *   D:9 *=:

Annotations:
D:4 2 runed translucent doors, Kenran's ghost, novice OpFi
D:8 Pikel
D:10 Snorg


Innate Abilities, Weirdness & Mutations

You have very sharp teeth.
Your uncanny sense of smell can sniff out nearby items.
Your experience applies equally to all skills.
You are frail. (-10% HP)
You have an increased reservoir of magic. (+10% MP)
Your system is resistant to poisons. (rPois)


Message History

Snorg claws you.
You hit Snorg.
Snorg looks as sick as possible!
Snorg is moderately wounded.
You hit Snorg.
Snorg looks as sick as possible!
You bite Snorg, but do no damage.
Snorg is moderately wounded.
The wall freezes Snorg!
Snorg goes berserk!
Casting: Ozocubu's Armour (mildly dangerous; 2% risk of failure)
Confirm with . or Enter, or press ? or * to list all spells.
Aiming: Sandblast (safe; 4% risk of failure)
Press: ? - help, Shift-Dir - straight line, f/p - Snorg
Aim: Snorg (heavily wounded, berserk, extremely poisoned, 81% to hit)
The blast of sand hits Snorg!
Snorg is heavily wounded.
The wall freezes Snorg.
You block Snorg's attack. Snorg claws you! Snorg barely misses you.
The wall freezes Snorg.
Snorg bites you but does no damage. Snorg claws you but does no damage.
Snorg misses you.
Casting: Sandblast (safe; 4% risk of failure)
Confirm with . or Enter, or press ? or * to list all spells.
Aiming: Sandblast (safe; 4% risk of failure)
Press: ? - help, Shift-Dir - straight line, f/p - Snorg
Aim: Snorg (heavily wounded, berserk, extremely poisoned, 81% to hit)
The blast of sand hits Snorg.
Snorg is heavily wounded.
The wall freezes Snorg.
You block Snorg's attack. Snorg claws you!! Snorg claws you!
Casting: Sandblast (safe; 4% risk of failure)
Confirm with . or Enter, or press ? or * to list all spells.
Aiming: Sandblast (safe; 4% risk of failure)
Press: ? - help, Shift-Dir - straight line, f/p - Snorg
Aim: Snorg (severely wounded, berserk, extremely poisoned, 81% to hit)
The blast of sand hits Snorg!
Snorg is severely wounded.
The wall freezes Snorg.
Snorg bites you!
* * * LOW HITPOINT WARNING * * *
Snorg claws you!
* * * LOW HITPOINT WARNING * * *
Snorg claws you!
You die...

.. ∆ ###. ... #. ....
#..##. .... #..... #
.... .....#### ##..
#._.. #..... ..... ....
#....##.....# ....
#....T....... ....
.....##@###############.
#.. #..................
. #..................
#..................
.....................
###############..####
#..# #..# ####


You could see Snorg (berserk, extremely poisoned).

Vanquished Creatures
  2 two-headed ogres (D:9)
  5 centaur zombies
  Joseph (D:9)
  3 hornets (D:9)
  A troll (D:8)
  Sigmund (D:5)
  A wyvern (D:6)
  A wraith (D:9)
  Grum (D:8)
  Menkaure (D:4)
  A steam dragon (D:9)
  3 water moccasins
  5 black bears
  An ice beast (D:4)
  2 orc warriors
  3 sky beasts
  4 wolves (D:8)
  A necrophage (D:7)
  2 lemures (D:8)
  7 ogres
  A phantom (D:5)
  4 centaurs
  3 bullfrogs
  A scorpion (D:6)
  2 vampire bats (D:3)
  2 howler monkeys
  2 bullfrog zombies
  8 crimson imps (D:7)
  5 orc priests
  A gnoll shaman (D:7)
  Crazy Yiuf (D:4)
  2 hounds
  An iguana (D:6)
  9 orc wizards
  A killer bee zombie (D:6)
  A howler monkey zombie (D:9)
  5 gnolls (D:7)
  7 adders
  2 shadow imps
  2 ufetubi
  An adder skeleton (D:4)
  A worm (D:2)
  3 dart slugs
  15 orcs
  3 ball pythons
  3 bat skeletons (D:3)
  2 bat zombies (D:3)
  7 endoplasms
  3 giant cockroaches
  10 goblins
  4 hobgoblins
  3 quokkas
  8 bats
  3 frilled lizards
  6 kobolds
  8 rats
186 creatures vanquished.

Notes
Turn   | Place    | Note
-------+----------+-------------------------------------------
     0 | D:1      | Bruhh the Gnoll Ice Elementalist began the quest for the
                  | Orb.
     0 | D:1      | Reached XP level 1. HP: 13/13 MP: 6/6
   196 | D:1      | Reached XP level 2. HP: 12/19 MP: 3/7
   491 | D:1      | Found a faded altar of an unknown god.
  1287 | D:2      | Reached skill level 5 in Spellcasting
  1287 | D:2      | Reached XP level 3. HP: 17/25 MP: 5/9
  1290 | D:2      | Reached skill level 1 in Invocations
  1294 | D:2      | Learned a level 3 spell: Frozen Ramparts
  1298 | D:2      | Learned a level 3 spell: Ozocubu's Armour
  1806 | D:2      | Identified the amulet "Ecodoymu" {Spirit rCorr Dex+4 SInv}
  1871 | D:2      | Found a stormy altar of Qazlal.
  1979 | D:2      | Reached skill level 1 in Fighting
  1979 | D:2      | Reached skill level 1 in Short Blades
  1979 | D:2      | Reached skill level 1 in Long Blades
  1979 | D:2      | Reached skill level 1 in Axes
  1979 | D:2      | Reached skill level 1 in Maces & Flails
  1979 | D:2      | Reached skill level 1 in Polearms
  1979 | D:2      | Reached skill level 1 in Staves
  1979 | D:2      | Reached skill level 1 in Slings
  1979 | D:2      | Reached skill level 1 in Bows
  1979 | D:2      | Reached skill level 1 in Crossbows
  1979 | D:2      | Reached skill level 1 in Throwing
  1979 | D:2      | Reached skill level 1 in Armour
  1979 | D:2      | Reached skill level 1 in Shields
  1979 | D:2      | Reached skill level 1 in Unarmed Combat
  1979 | D:2      | Reached skill level 1 in Evocations
  1979 | D:2      | Reached XP level 4. HP: 32/32 MP: 7/11
  2251 | D:3      | Found a hide-covered altar of Uskayaw.
  2439 | D:3      | Reached skill level 1 in Conjurations
  2439 | D:3      | Reached skill level 1 in Hexes
  2439 | D:3      | Reached skill level 1 in Summonings
  2439 | D:3      | Reached skill level 1 in Necromancy
  2439 | D:3      | Reached skill level 1 in Translocations
  2439 | D:3      | Reached skill level 1 in Transmutations
  2439 | D:3      | Reached skill level 1 in Fire Magic
  2439 | D:3      | Reached skill level 1 in Air Magic
  2439 | D:3      | Reached skill level 1 in Earth Magic
  2439 | D:3      | Reached skill level 1 in Poison Magic
  2452 | D:3      | Found an ancient bone altar of Kikubaaqudgha.
  2489 | D:3      | Reached XP level 5. HP: 22/37 MP: 8/12
  2885 | D:3      | Found a hazy altar of Hepliaklqana.
  3263 | D:3      | Reached XP level 6. HP: 43/44 MP: 10/13
  3390 | D:4      | Noticed a sky beast
  3391 | D:4      | Found a staircase to the Ecumenical Temple.
  3414 | D:4      | Killed a sky beast
  3415 | D:4      | Reached skill level 5 in Dodging
  3720 | D:4      | Found a runed translucent door.
  3721 | D:4      | Noticed Crazy Yiuf
  3793 | D:4      | Noticed Menkaure
  3848 | D:4      | HP: 2/44 [Menkaure/nerve-wracking pain (4)]
  3849 | D:4      | Killed Menkaure
  3850 | D:4      | Reached XP level 7. HP: 3/50 MP: 1/15
  4191 | D:4      | Found a runed translucent door.
  4194 | D:4      | Noticed Kenran's ghost (novice OpFi)
  4347 | D:4      | Found a runed translucent door.
  4441 | D:4      | Reached skill level 5 in Stealth
  4881 | D:4      | Killed Crazy Yiuf
  5084 | D:5      | Entered Level 5 of the Dungeon
  5210 | D:5      | Reached XP level 8. HP: 53/57 MP: 14/16
  6629 | D:2      | Learned a level 1 spell: Sandblast
  7034 | D:5      | Noticed Sigmund
  7041 | D:5      | Gained mutation: Your system is resistant to poisons.
                  | (rPois) [potion of mutation]
  7041 | D:5      | Gained mutation: You have an increased reservoir of magic.
                  | (+10% MP) [potion of mutation]
  7041 | D:5      | Gained mutation: You are frail. (-10% HP) [potion of
                  | mutation]
  7236 | D:5      | Reached XP level 9. HP: 43/58 MP: 10/20
  7494 | D:5      | Killed Sigmund
  8771 | D:6      | Found Zisontor's Assorted Antiques.
  8823 | D:6      | Found an iron altar of Okawaru.
  9211 | D:6      | Identified the +3 chain mail "Rotsar" {rCorr SInv}
  9372 | D:6      | Reached skill level 5 in Invocations
 10077 | D:7      | Reached XP level 10. HP: 59/65 MP: 16/22
 10444 | D:7      | Identified the amulet of Tuqu Udue {Faith Contam Harm rF+}
 10714 | D:7      | Reached skill level 5 in Fighting
 10714 | D:7      | Reached skill level 5 in Short Blades
 10714 | D:7      | Reached skill level 5 in Long Blades
 10714 | D:7      | Reached skill level 5 in Axes
 10714 | D:7      | Reached skill level 5 in Maces & Flails
 10714 | D:7      | Reached skill level 5 in Polearms
 10714 | D:7      | Reached skill level 5 in Staves
 10714 | D:7      | Reached skill level 5 in Slings
 10714 | D:7      | Reached skill level 5 in Bows
 10714 | D:7      | Reached skill level 5 in Crossbows
 10714 | D:7      | Reached skill level 5 in Throwing
 10714 | D:7      | Reached skill level 5 in Armour
 10714 | D:7      | Reached skill level 5 in Shields
 10714 | D:7      | Reached skill level 5 in Unarmed Combat
 10714 | D:7      | Reached skill level 5 in Evocations
 11669 | D:8      | Noticed Pikel
 11736 | D:8      | Noticed Grum
 11747 | D:8      | Killed Grum
 12481 | D:9      | Noticed a two-headed ogre
 12491 | D:9      | Killed a two-headed ogre
 12766 | D:9      | Paralysed by a hornet for 3 turns
 13025 | D:9      | Noticed a two-headed ogre
 13040 | D:9      | Killed a two-headed ogre
 13041 | D:9      | Reached XP level 11. HP: 57/72 MP: 13/25
 13335 | D:9      | Found Ucyneikosk's Book Boutique.
 13335 | D:9      | Found Qoiser's Jewellery Shop.
 13336 | D:9      | Found Ocroimp's General Store.
 13528 | D:9      | Bought an amulet of regeneration for 420 gold pieces
 13598 | D:9      | Reached skill level 5 in Conjurations
 13598 | D:9      | Reached skill level 5 in Hexes
 13598 | D:9      | Reached skill level 5 in Summonings
 13598 | D:9      | Reached skill level 5 in Necromancy
 13598 | D:9      | Reached skill level 5 in Translocations
 13598 | D:9      | Reached skill level 5 in Transmutations
 13598 | D:9      | Reached skill level 5 in Fire Magic
 13598 | D:9      | Reached skill level 5 in Air Magic
 13598 | D:9      | Reached skill level 5 in Earth Magic
 13598 | D:9      | Reached skill level 5 in Poison Magic
 13755 | D:9      | Noticed Joseph
 13764 | D:9      | Killed Joseph
 14084 | D:10     | Entered Level 10 of the Dungeon
 14121 | D:10     | Found a shimmering blue altar of Sif Muna.
 14122 | D:10     | Found a blossoming altar of Fedhas.
 14122 | D:10     | Found a sacrificial altar of Ru.
 14122 | D:10     | Found a bloodstained altar of Trog.
 14170 | D:10     | Noticed Snorg
 14187 | D:10     | HP: 2/72 [Snorg (13)]
 14187 | D:10     | Mangled by Snorg

Illustrated notes

Levels and vault maps discovered:
D:1:      elethiomel_arrival_diamonds, layout_basic, basic_ecumenical_altar,
          kennysheep_small_spiral, minmay_split_cup_large
D:2:      layout_loops_cross, basic_altar
D:3:      layout_loops_ring, mainiacjoe_overflow_concentric_impassable,
          kennysheep_vampire_church, nicolae_overflow_hidden_temple,
          serial_glass, glass_columns_b, glass_columns_c
D:4:      layout_loops_cross, minmay_temple_entry_stoned_glass,
          ebering_ghost_sewer_f, uniq_menkaure, uniq_crazy_yiuf_cottage
D:5:      layout_gridville, kennysheep_generic_room_4, uniq_sigmund
D:6:      minmay_diamond_boxcup, layout_loops_ring, okawaru_gym_becter,
          serial_shops, nicolae_shop_advertising_works
          [nicolae_subvault_shop_adworks]
D:7:      layout_loops_ring, minmay_nine_imps
D:8:      layout_rooms, uniq_grum, uniq_pikel
D:9:      layout_roguey, enter_bailey_3, nicolae_wooded_promenade,
          grunt_ministairs_5, uniq_joseph
D:10:     layout_stronghold, grunt_temple_overflow_open, enter_trove_6,
          uniq_snorg, uniq_erolcha

Skill      XL: |  1  2  3  4  5  6  7  8  9 10 11 |
---------------+----------------------------------+-----
Spellcasting   | 5 6 7 8 |  8.0
Invocations    | 1 2 3 4 5 6 |  6.6
Fighting       | 1 2 3 4 5 6 |  6.1
Short Blades   | 1 2 3 4 5 6 |  6.1
Long Blades    | 1 2 3 4 5 6 |  6.1
Axes           | 1 2 3 4 5 6 |  6.1
Maces & Flails | 1 2 3 4 5 6 |  6.1
Polearms       | 1 2 3 4 5 6 |  6.1
Staves         | 1 2 3 4 5 6 |  6.1
Slings         | 1 2 3 4 5 6 |  6.1
Bows           | 1 2 3 4 5 6 |  6.1
Crossbows      | 1 2 3 4 5 6 |  6.1
Throwing       | 1 2 3 4 5 6 |  6.1
Armour         | 1 2 3 4 5 6 |  6.1
Shields        | 1 2 3 4 5 6 |  6.1
Unarmed Combat | 1 2 3 4 5 6 |  6.1
Evocations     | 1 2 3 4 5 6 |  6.1
Conjurations   | 1 2 3 4 5 |  5.0
Hexes          | 1 2 3 4 5 |  5.0
Summonings     | 1 2 3 4 5 |  5.0
Necromancy     | 1 2 3 4 5 |  5.0
Translocations | 1 2 3 4 5 |  5.0
Transmutations | 1 2 3 4 5 |  5.0
Fire Magic     | 1 2 3 4 5 |  5.0
Air Magic      | 1 2 3 4 5 |  5.0
Earth Magic    | 1 2 3 4 5 |  5.0
Poison Magic   | 1 2 3 4 5 |  5.0
Dodging        | 5 6 7 |  7.7
Stealth        | 5 6 7 |  7.4
Ice Magic      | 8 |  8.8

Action                   |  1- 3 |  4- 6 |  7- 9 | 10-12 || total
-------------------------+-------+-------+-------+-------++-------
Melee: Unarmed           |     7 |     1 |       |       ||     8
       Bite              |     2 |    11 |    29 |    18 ||    60
       Dagger            |       |   126 |   123 |    83 ||   332
       Punch             |       |     3 |     3 |       ||     6
 Cast: Freeze            |    46 |    12 |    25 |       ||    83
       Frozen Ramparts   |       |     2 |    14 |    11 ||    27
       Ozocubu's Armour  |       |     2 |    10 |     8 ||    20
       Sandblast         |       |       |    94 |    81 ||   175
Evoke: Wand              |       |       |       |     3 ||     3
  Use: Scroll            |       |       |     9 |       ||     9
       Potion            |       |       |     7 |       ||     7
 Stab: Sleeping          |       |     4 |     3 |     4 ||    11
       Distracted        |       |       |       |     1 ||     1
Armor: Robe              |     6 |    26 |    61 |       ||    93
       Leather armour    |       |       |    11 |    22 ||    33
       Skin              |       |       |     3 |       ||     3
Dodge: Dodged            |    34 |   139 |   196 |    81 ||   450
Block: Kite shield       |       |       |     3 |    79 ||    82
